 Dungeon Crawl Stone Soup version 0.29-a0-512-gf59ac788ac (webtiles) character file.

Game seed: 5306187222785976878

81 Demosthentine the Skirmisher (level 4, -1/33 HPs)
             Began as an Octopode Monk on May 30, 2022.
             Slain by a gnoll
             ... wielding a +1 vampiric spear
              (7 damage)
             ... on level 2 of the Dungeon.
             The game lasted 00:02:14 (1339 turns).

Demosthentine the Skirmisher (Octopode Monk)        Turns: 1339, Time: 00:02:14

Health: -1/33      AC:  3    Str: 19    XL:     4   Next: 42%
Magic:  4/4        EV: 14    Int: 12    God:
Gold:   43         SH:  0    Dex: 14    Spells: 3/3 levels left

rFire   . . .      SeeInvis .     - Unarmed
rCold   . . .      Faith    .   (no shield)
rNeg    . . .      Spirit   .   c - +2 hat of the Sea {*Slow rPois Str+7}
rPois   +          Reflect  .   (no amulet)
rElec   .          Harm     .   (no ring)
rCorr   .          Rampage  .   (no ring)
Will    .....                   (no ring)
Stlth   +++.......              (no ring)
HPRegen 0.11/turn               (no ring)
MPRegen 0.09/turn               (no ring)
                                (no ring)
                                (no ring)

@: no status effects
A: almost no armour, amphibious, 8 rings, camouflage 1, gelatinous body 1,
(nimble swimmer 1), tentacles
a: no special abilities


You were on level 2 of the Dungeon.
You visited 1 branch of the dungeon, and saw 2 of its levels.

You collected 43 gold pieces.

Inventory:

Armour
 c - the +2 hat of the Sea (worn) {*Slow rPois Str+7}
   (You found it on level 2 of the Dungeon)

   Str:       It affects your strength (+7).
   rPois:     It protects you from poison.
   *Slow:     It may slow you when you take damage.
Jewellery
 g - a +4 ring of protection
Scrolls
 d - a scroll of identify
 e - a scroll of blinking
Potions
 a - a potion of ambrosia
 b - a potion of brilliance


   Skills:
 + Level 3.8 Fighting
 + Level 3.8 Dodging
 - Level 2.6 Stealth
 + Level 3.8 Unarmed Combat


You had 3 spell levels left.
You didn't know any spells.
Your spell library contained the following spells:

 Spells                   Type           Power      Damage    Failure   Level
 Ensorcelled Hibernation  Hex/Ice        0%         N/A       45%         2
 Passwall                 Tmut/Erth      0%         N/A       45%         2
 Swiftness                Air            0%         N/A       69%         3


Dungeon Overview and Level Annotations

Branches:
Dungeon (2/15)

Altars:


Innate Abilities, Weirdness & Mutations

You cannot wear most types of armour.
You are amphibious.
You can wear up to eight rings at the same time.
Your skin changes colour to match your surroundings (Stealth+).
Your rubbery body absorbs attacks. (AC +1, EV +1)
((You are camouflaged when in or above water. (Stealth+)))
You have tentacles for arms and can constrict up to eight enemies at once.


Message History

You kill the gnoll!
The gnoll hits you with a +0 mace!
You have reached level 4!
You closely miss the gnoll. You grab the gnoll. You squeeze the gnoll.
The gnoll is lightly wounded.
You constrict the gnoll. The gnoll closely misses you.
You bludgeon the kobold!
You kill the kobold!
You constrict the gnoll, but do no damage.
You tentacle-slap the gnoll.
The gnoll is moderately wounded.
You constrict the gnoll. The gnoll closely misses you.
You tentacle-slap the gnoll.
You kill the gnoll!
You see here a +0 mace.
Unknown command.
A gnoll comes into view. It is wielding a +1 vampiric spear.
A gnoll is nearby!
A gnoll is nearby!
A gnoll is nearby!
You are too injured to fight recklessly!
The gnoll shouts!
You hear a shout!
A gnoll comes into view. It is wielding a +0 club.
The gnoll closely misses you.
A gnoll comes into view. It is wielding a +0 flail.
The gnoll shouts! x2; You hear a shout!
The gnoll hits you with a +1 vampiric spear.
* * * LOW HITPOINT WARNING * * *
The gnoll hits you with a +0 club.
* * * LOW HITPOINT WARNING * * *
You tentacle-slap the gnoll. You grab the gnoll.
The gnoll is lightly wounded.
You constrict the gnoll. The gnoll hits you but does no damage.
The gnoll barely misses you.
You tentacle-slap the gnoll but do no damage.
You tentacle-slap the gnoll.
The gnoll is moderately wounded.
You constrict the gnoll.
The gnoll hits you with a +1 vampiric spear!
You die...

...........# ...
...........+ ... ..
...........###.##...
...#'##.............
#............#.#... #
#..........#...#... ..
#.......)).........
##.#.#.......)..........
..g...g@..#.##.)........
...#..g......#........#.
#..............#.#.#.
#.#.#............#+#.
..........###....)....
#.#.##.......+........#
..... ..>...###.......".
.#.# ####...# #.....####
.. ...# #...... #


You could see 3 gnolls.

Vanquished Creatures
  4 gnolls (D:2)
  An adder (D:2)
  A dart slug (D:1)
  2 ball pythons (D:1)
  4 endoplasms (D:1)
  4 goblins
  2 hobgoblins (D:1)
  3 jackals (D:1)
  A quokka (D:1)
  2 bats
  5 frilled lizards
  2 kobolds
  2 rats (D:1)
33 creatures vanquished.

Notes
Turn   | Place    | Note
-------+----------+-------------------------------------------
     0 | D:1      | Demosthentine the Octopode Monk began the quest for the
                  | Orb.
     0 | D:1      | Reached XP level 1. HP: 16/16 MP: 1/1
   295 | D:1      | Reached XP level 2. HP: 21/21 MP: 2/2
   824 | D:1      | Reached XP level 3. HP: 24/26 MP: 3/3
  1090 | D:2      | Identified the +2 hat of the Sea {*Slow rPois Str+7}
  1320 | D:2      | Reached XP level 4. HP: 10/33 MP: 4/4
  1339 | D:2      | Slain by a gnoll

Illustrated notes

Levels and vault maps discovered:
D:1:      heliophobic_arrival_dark_side_of_the_moon, layout_loops_corners,
          kennysheep_another_room, minmay_tromino_v4_a
D:2:      layout_basic, serial_shops, shop, kennysheep_generic_room_6

Action                   |  1- 3 |  4- 6 || total
-------------------------+-------+-------++-------
Melee: Unarmed           |    54 |     6 ||    60
       Constrict         |    16 |     2 ||    18
       Tentacles         |    14 |     1 ||    15
       Punch             |     1 |     1 ||     2
  Use: Scroll            |     5 |       ||     5
 Stab: Sleeping          |     6 |       ||     6
Armor: Skin              |     7 |     1 ||     8
Dodge: Dodged            |    22 |     4 ||    26

Table legend: (Time is in decaauts)
 A = Elapsed time spent in this place.
 B = Non-inter-level travel time spent in this place.
 C = Inter-level travel time spent in this place.
 D = Time resting spent in this place.
 E = Time spent auto-exploring this place.
 F = Levels seen in this place.
 G = Mean time per level.
                   A        B        C        D        E       F      G
               +--------+--------+--------+--------+--------+-----+--------+
         Total |   1335 |   1318 |     17 |      0 |   1105 |   2 |  667.5 |
       Dungeon |   1335 |   1318 |     17 |      0 |   1105 |   2 |  667.5 |
               +--------+--------+--------+--------+--------+-----+--------+

Top non-repeatable levels by time:
     D:1: 1079 daAuts
     D:2: 255 daAuts
